 Dungeon Crawl Stone Soup version 0.29.0-5-ge4962eb29e (webtiles) character file.

Game seed: 5838744527727106975

96 nickcage the Cudgeller (level 4, -15/35 (37) HPs)
             Began as a Minotaur Gladiator on Aug 29, 2022.
             Demolished by a hell rat (16 damage)
             ... in a sewer.
             The game lasted 00:03:09 (2235 turns).

nickcage the Cudgeller (Minotaur Gladiator)         Turns: 2235, Time: 00:03:10

HP:   -15/35 (37)   AC:  5    Str: 27    XL:     4   Next: 41%
MP:   3/3           EV: 12    Int:  5    God:
Gold: 112           SH:  0    Dex: 11    Spells: 3/3 levels left

rFire   . . .      SeeInvis .   a - +0 flail
rCold   . . .      Faith    .   (no shield)
rNeg    . . .      Spirit   .   b - +0 leather armour
rPois   .          Reflect  .   c - +0 hat
rElec   .          Harm     .   l - +0 cloak
rCorr   .          Rampage  .   (no gloves)
Will    .....                   r - +0 pair of boots
Stlth   +.........              (no amulet)
HPRegen 0.11/turn               k - +6 ring of strength
MPRegen 0.08/turn               (no ring)

@: drained, very slow
A: horns 2, retaliatory headbutt
a: no special abilities


You were in a sewer.
You visited 1 branch of the dungeon, and saw 3 of its levels.
You also visited: Sewer.

You collected 112 gold pieces.

Inventory:

Hand Weapons
 a - a +0 flail (weapon)
Missiles
 d - 3 throwing nets (quivered)
 e - a javelin
Armour
 b - a +0 leather armour (worn)
 c - a +0 hat (worn)
 l - a +0 cloak (worn)
 r - a +0 pair of boots (worn)
Jewellery
 k - a +6 ring of strength (left hand)
Wands
 p - a wand of polymorph (14)
Scrolls
 g - a scroll of identify
 h - a scroll of magic mapping
 i - a scroll of enchant weapon {unknown}
 m - a scroll of immolation {unknown}
 o - 3 scrolls of silence {unknown}
 v - a scroll of acquirement {unknown}
Potions
 f - 2 potions of heal wounds
 j - a potion of lignification {unknown}
 n - a potion of haste {unknown}
 q - a potion of mutation {unknown}
 s - a potion of might {unknown}
 t - a potion of curing {unknown}
 u - a potion of cancellation {unknown}


   Skills:
 - Level 2.4 Fighting
 + Level 6.4 Maces & Flails
 - Level 2.0 Throwing
 - Level 3.2 Dodging


You had 3 spell levels left.
You didn't know any spells.
Your spell library was empty.

Dungeon Overview and Level Annotations

Branches:
Dungeon (3/15)              Sewer (1/1)

Altars:


Innate Abilities, Weirdness & Mutations

You have a pair of horns on your head.
You reflexively headbutt those who attack you in melee.


Message History

You enter the shallow water.
Moving in this stuff is going to be slow.
The hell rat bites you.
You feel drained.
The hell rat splashes around in the water.
Your unstable footing causes you to fumble your attack.
The hell rat bites you.
You hit the hell rat but do no damage. The hell rat misses you.
Your unstable footing causes you to fumble your attack.
The hell rat bites you!
You are too injured to fight recklessly!
You are too injured to fight recklessly!
You are too injured to fight recklessly!
Your unstable footing causes you to fumble your attack.
The hell rat bites you!
* * * LOW HITPOINT WARNING * * *
The river rat closely misses you.
The hell rat splashes around in the water.
Your unstable footing causes you to fumble your attack.
The river rat bites you but does no damage.
The hell rat misses you. You furiously retaliate!
You headbutt the hell rat, but do no damage.
Your unstable footing causes you to fumble your attack.
The hell rat splashes around in the water.
The river rat barely misses you.
You hit the river rat.
The river rat is moderately wounded.
The hell rat barely misses you. You furiously retaliate!
You headbutt the hell rat, but do no damage.
The river rat closely misses you. The hell rat bites you.
* * * LOW HITPOINT WARNING * * *
You feel drained.
* * * LOW HITPOINT WARNING * * *
Your unstable footing causes you to fumble your attack.
The river rat misses you. The hell rat closely misses you.
You hit the river rat.
The river rat is moderately wounded.
The river rat bites you.
* * * LOW HITPOINT WARNING * * *
The hell rat bites you!
You die...

###.~.###
#.~..~~.#
##~~.~†~.##
#~..###.~.#
##.†##.##~.##
#.~.#.~~#.~.#
#..##~.?##~~#
#~.#~~~!?#..#
#..r@r~?∩#∩∩#
#~~#~~~!?#~~#
#.~##~.!##..#
#... .~.#~~~#
##~~ #.##.~##
#~. ##~..#
##.. ..~##
.~~.


You could see a hell rat and a river rat.

Vanquished Creatures
  An adder (D:2)
  5 river rats
  4 ball pythons
  2 endoplasms (D:2)
  6 giant cockroaches
  4 goblins
  3 hobgoblins
  2 quokkas
  2 bats (D:2)
  A frilled lizard (D:3)
  4 kobolds (D:1)
  9 rats
43 creatures vanquished.

Notes
Turn   | Place    | Note
-------+----------+-------------------------------------------
     0 | D:1      | nickcage the Minotaur Gladiator began the quest for the
                  | Orb.
     0 | D:1      | Reached XP level 1. HP: 18/18 MP: 0/0
   173 | D:1      | Reached skill level 4 in Maces & Flails
   455 | D:1      | Reached XP level 2. HP: 25/25 MP: 1/1
   458 | D:1      | Found a faded altar of an unknown god.
  1432 | D:2      | Reached skill level 5 in Maces & Flails
  1432 | D:2      | Reached XP level 3. HP: 30/30 MP: 2/2
  1976 | D:3      | Reached skill level 6 in Maces & Flails
  1976 | D:3      | Reached XP level 4. HP: 31/37 MP: 3/3
  1990 | D:3      | Found a glowing drain.
  2003 | Sewer    | Entered a sewer
  2235 | Sewer    | HP: 1/35 [river rat (5)]
  2235 | Sewer    | Demolished by a hell rat

Illustrated notes

Levels and vault maps discovered:
D:1:      lightli_arrival_isolated_outpost, layout_basic,
          shapermc_ecumenical_altar_totnotflames, serial_co_window_serial,
          co_window_paths_b, co_window_paths_b, co_window_cross_1,
          co_window_paths_a, co_window_paths_a, co_window_corner_a,
          co_window_paths_a, co_window_corner_b, co_window_paths_c,
          co_window_unsneaky_path_a, co_window_broadway_b, co_window_2corner,
          co_window_of_opportunity_c, co_window_corner_b, glass_columns_b,
          glass_columns_c
D:2:      layout_loops_ring
D:3:      minmay_spotlight, layout_loops_ring,
          mainiacjoe_overflow_six_doors_small, fedhas_altar_fruit_tree,
          general_overflow_altar, portal_sewer_entry_e,
          nicolae_figureground_sparkle
Sewer:    sewer_hellmonk_bad_rat

Skill      XL: |  1  2  3 |
---------------+----------+-----
Maces & Flails | 4 5 6 |  6.4
Fighting       | |  2.4
Throwing       | |  2.0
Dodging        | |  3.2

Action                   |  1- 3 |  4- 6 || total
-------------------------+-------+-------++-------
Melee: Flail             |    63 |    31 ||    94
       Headbutt          |     6 |     3 ||     9
  Use: Scroll            |     2 |       ||     2
Armor: Leather armour    |    19 |     4 ||    23
Dodge: Dodged            |    37 |    19 ||    56
